 Dungeon Sprint DCSS version 0.17-a0-1741-gd5e8965 (webtiles) character file.

14700000 ztt the Plane Walker (level 27, -34/272 (273) HPs)
             Began as a Ghoul Warper on Aug 31, 2015.
             Was the Champion of Makhleb.
             Annihilated by a fleshlord
             ... wielding a +9 great mace
              (269 damage)
             ... in the Dungeon (Sprint VIII: "Arena of Blood").
             The game lasted 00:02:31 (147 turns).

ztt the Plane Walker (Ghoul Warper)                  Turns: 147, Time: 00:02:32

HP:   -34/272 (273) AC:  6    Str: 19    XL:     27
MP:   38/53         EV: 32    Int:  8    God:    Makhleb [******]
Gold: 0             SH:  0    Dex: 17    Spells: 1 memorised, 79 levels left

rFire  . . .     SeeInvis +     l - +∞ Axe of Woe
rCold  + . .     Clarity  .     b - +0 leather armour
rNeg   + + +     SustAt   .     (no shield)
rPois  ∞         Gourm    .     (no helmet)
rElec  .         Spirit   .     (no cloak)
rCorr  .         Warding  .     (no gloves)
rMut   .         NoTele   +     (no boots)
MR     ++...                    (no amulet)
Stlth  +++++++++.               (no ring)
                                m - ring of see invisible

@: rotting, slowed, very slow, very resistant to hostile enchantments,
incredibly stealthy
A: rotting body, claws 1, carnivore 3, cold resistance 1, negative energy
resistance 3, slow healing 1, torment resistance, unbreathing
a: Minor Destruction, Lesser Servant of Makhleb, Major Destruction, Greater
Servant of Makhleb, Renounce Religion


You were in the Dungeon.
You worshipped Makhleb.
Makhleb was exalted by your worship.
You were not hungry.

You visited 1 branch

Inventory:

Hand weapons
 a - a +0 hand axe
 l - the +∞ Axe of Woe (weapon)
   (You found it in the Dungeon)
Missiles
 e - 5 tomahawks of dispersal (quivered)
Armour
 b - a +0 leather armour (worn)
Jewellery
 m - a ring of see invisible (left claw)
Scrolls
 d - 2 scrolls of blinking
Potions
 g - a potion of curing
 h - a potion of heal wounds
 i - a potion of haste
 j - 2 potions of magic
 k - a potion of berserk rage
Books
 c - a book of Spatial Translocations

   Spells                             Type                      Level
   a - Apportation                    Translocation                1
   b - Blink                          Translocation                2
   c - Shroud of Golubria             Charms/Translocation         2
   d - Portal Projectile              Translocation                3
   e - Teleport Other                 Translocation                3
   f - Passage of Golubria            Translocation                4
Comestibles
 f - a meat ration


   Skills:
 O Level 27 Fighting
 O Level 27 Axes
 O Level 27 Throwing
 O Level 27 Armour
 O Level 27 Dodging
 O Level 27 Stealth
 O Level 27 Unarmed Combat
 O Level 27 Spellcasting
 O Level 27 Translocations
 O Level 27 Invocations


You had 79 spell levels left.
You knew the following spells:

 Your Spells              Type           Power        Failure   Level  Hunger
a - Apportation           Tloc           ######....   0%          1    None


Dungeon Overview and Level Annotations

Branches:
Dungeon (1/1)

Altars:
Makhleb


Innate Abilities, Weirdness & Mutations

Your body is rotting away.
You thrive on raw meat.
You are immune to poison.
You have sharp fingernails.
You are carnivorous and can eat meat at any time.
Your flesh is cold resistant.
You are immune to negative energy.
You heal slowly when monsters are visible.
You are immune to unholy pain and torment.
You can survive without breathing.


Message History

You hear a shout! x3
The dread throws hellfire at you.
The hellfire explodes!
The burst of hellfire engulfs you! The dread throws hellfire at you.
The hellfire explodes!
The burst of hellfire engulfs you!
The fleshlord points at you and mumbles some strange words.
You feel as though you will be slow longer.
You hear a shout!
A destroyer comes into view.
It is wielding a +9 great sword of slicing.
Unknown command.
Unknown command.
Unknown command.
Unknown command.
You slice the bag of meat!! You chop the bag of meat into pieces.
You kill the bag of meat!
Makhleb accepts your kill.
You hear a shout! x6
The fleshlord hits you with a +9 great mace!!!!!
Ouch! That really hurt!
You die... .....#...
Co....

%.......#..)
.....#...........) #
G...#S#.#......... #.
V.W..#.#..........
#..###..%#.#.#.......))
#....##W.o#.#.S...#..))
#.....#)%..V........).)
#.....@p##.......##)#))
####...D.##))).....).).
####.†oW.)####)...#.
####...G)).......
####..........
####....... ########


You could see an eight-headed meat hydra, a destroyer, an observer (invisible),
a scourge, a fleshlord, 3 dreads and 2 bags of meat.

Vanquished Creatures
  6 hell knights (D)
  Sigmund (D)
  7 hell beasts (D)
  3 greater mummies (D)
  5 great orbs of eyes (D)
  A wraith (D)
  Harold (D)
  11 vampire knights (D)
  29 ogres (D)
  3 liches (D)
  9 hydras (D)
  72 orcs (D)
  4 phantoms (D)
  5 hill giants (D)
  9 skeletal warriors (D)
  3 sea snakes (D)
  5 large abominations (D)
  9 small abominations (D)
  5 crawling corpses (D)
188 creatures vanquished.

Vanquished Creatures (others)
  2 crawling corpses (D)
2 creatures vanquished.

Grand Total: 190 creatures vanquished

Notes
Turn   | Place    | Note
--------------------------------------------------------------
     0 | D        | ztt the Ghoul Warper began the quest for the Orb.
     0 | D        | Reached XP level 1. HP: 17/17 MP: 2/2
     3 | D        | Noticed a bag of meat
     3 | D        | Noticed a bag of meat
     4 | D        | Became a worshipper of Makhleb the Destroyer
     6 | D        | Noticed a bag of meat
     7 | D        | Noticed a bag of meat
     7 | D        | Killed a bag of meat
     7 | D        | Reached skill level 11 in Fighting
     7 | D        | Reached skill level 10 in Axes
     7 | D        | Reached skill level 10 in Spellcasting
     7 | D        | Reached skill level 17 in Translocations
     7 | D        | Reached XP level 2. HP: 20/40 MP: 2/12
     7 | D        | Reached XP level 3. HP: 23/47 MP: 2/13
     7 | D        | Reached XP level 4. HP: 26/55 MP: 2/15
     7 | D        | Reached XP level 5. HP: 28/60 MP: 2/16
     7 | D        | Reached XP level 6. HP: 31/68 MP: 2/18
     7 | D        | Reached XP level 7. HP: 33/74 MP: 2/19
     7 | D        | Reached XP level 8. HP: 36/82 MP: 2/21
     7 | D        | Reached XP level 9. HP: 39/89 MP: 2/22
     7 | D        | Reached XP level 10. HP: 41/95 MP: 2/23
     7 | D        | Reached XP level 11. HP: 44/102 MP: 2/24
     7 | D        | Reached XP level 12. HP: 47/110 MP: 2/25
     8 | D        | Noticed a bag of meat
     8 | D        | Noticed a meat berserker
     8 | D        | Killed a bag of meat
     8 | D        | Acquired Makhleb's first power
     8 | D        | Reached skill level 20 in Translocations
     8 | D        | Reached XP level 13. HP: 49/119 MP: 2/27
     9 | D        | Noticed a bag of meat
     9 | D        | Noticed a bag of meat
     9 | D        | Noticed a bag of meat
     9 | D        | Killed a bag of meat
     9 | D        | Reached skill level 21 in Translocations
     9 | D        | Reached XP level 14. HP: 51/130 MP: 2/29
     9 | D        | Killed a bag of meat
     9 | D        | Acquired Makhleb's second power
     9 | D        | Reached skill level 5 in Throwing
     9 | D        | Reached skill level 23 in Translocations
    10 | D        | Noticed a bag of meat
    10 | D        | Noticed a bag of meat
    10 | D        | Noticed a bag of meat
    10 | D        | Noticed a bag of meat
    10 | D        | Noticed a bag of meat
    11 | D        | Noticed a bag of meat
    11 | D        | Noticed a bag of meat
    11 | D        | Killed a meat berserker
    11 | D        | Reached skill level 15 in Axes
    11 | D        | Reached skill level 15 in Spellcasting
    11 | D        | Reached skill level 25 in Translocations
    11 | D        | Reached XP level 15. HP: 109/144 MP: 3/33
    12 | D        | Noticed a bag of meat
    12 | D        | Noticed a bag of meat
    12 | D        | Noticed a meat berserker
    12 | D        | Noticed a bag of meat
    12 | D        | Noticed a bag of meat
    12 | D        | Killed a bag of meat
    12 | D        | Acquired Makhleb's third power
    12 | D        | Reached skill level 15 in Dodging
    12 | D        | Reached skill level 26 in Translocations
    12 | D        | Reached XP level 16. HP: 151/154 MP: 3/34
    12 | D        | Killed a bag of meat
    12 | D        | Reached skill level 27 in Translocations
    13 | D        | Noticed a bag of meat
    13 | D        | Noticed a bag of meat
    13 | D        | Killed a bag of meat
    13 | D        | Reached skill level 5 in Armour
    14 | D        | Noticed a bag of meat
    14 | D        | Killed a bag of meat
    14 | D        | Acquired Makhleb's fourth power
    14 | D        | Reached XP level 17. HP: 161/168 MP: 4/38
    14 | D        | Killed a bag of meat
    15 | D        | Killed a bag of meat
    15 | D        | Killed a bag of meat
    15 | D        | Acquired Makhleb's fifth power
    15 | D        | Reached XP level 18. HP: 180/184 MP: 4/41
    15 | D        | Killed a bag of meat
    16 | D        | Killed a meat berserker
    16 | D        | Killed a bag of meat
    16 | D        | Reached skill level 10 in Throwing
    16 | D        | Reached XP level 19. HP: 198/200 MP: 4/44
    16 | D        | Killed a bag of meat
    17 | D        | Noticed a bag of meat
    17 | D        | Killed a bag of meat
    17 | D        | Reached skill level 10 in Armour
    17 | D        | Killed a bag of meat
    18 | D        | Killed a bag of meat
    18 | D        | Reached skill level 27 in Fighting
    18 | D        | Killed a bag of meat
    18 | D        | Reached skill level 27 in Axes
    18 | D        | Reached XP level 20. HP: 216/216 MP: 5/48
    18 | D        | Killed a bag of meat
    19 | D        | Killed a bag of meat
    19 | D        | Killed a bag of meat
    19 | D        | Reached skill level 27 in Dodging
    19 | D        | Reached skill level 27 in Spellcasting
    20 | D        | Noticed a bag of meat
    21 | D        | Killed a bag of meat
    21 | D        | Reached skill level 15 in Armour
    23 | D        | Noticed a destroyer
    23 | D        | Noticed a destroyer
    23 | D        | Noticed a meat berserker
    24 | D        | Noticed a destroyer
    24 | D        | Noticed a large bag of meat
    24 | D        | Killed a bag of meat
    24 | D        | Reached XP level 21. HP: 224/224 MP: 6/51
    25 | D        | Killed a bag of meat
    25 | D        | Noticed a destroyer
    26 | D        | Noticed a bag of meat
    26 | D        | Noticed a bag of meat
    26 | D        | Noticed a large bag of meat
    26 | D        | Noticed a destroyer
    26 | D        | Killed a destroyer
    26 | D        | Killed a meat berserker
    26 | D        | Reached XP level 22. HP: 233/233 MP: 7/52
    27 | D        | Noticed a meat berserker
    27 | D        | Noticed a meat berserker
    27 | D        | Noticed a bag of meat
    27 | D        | Noticed an eight-headed meat hydra
    28 | D        | Noticed a meat berserker
    28 | D        | Noticed a bag of meat
    28 | D        | Killed a destroyer
    28 | D        | Reached skill level 27 in Throwing
    28 | D        | Reached skill level 27 in Armour
    28 | D        | Killed a destroyer
    28 | D        | Reached XP level 23. HP: 240/240 MP: 7/53
    29 | D        | Noticed a bag of meat
    29 | D        | Noticed a bag of meat
    29 | D        | Noticed a bag of meat
    29 | D        | Noticed The Servant
    29 | D        | Noticed a destroyer
    30 | D        | Noticed a meat berserker
    30 | D        | Killed a large bag of meat
    30 | D        | Killed a destroyer
    30 | D        | Killed a destroyer
    31 | D        | Noticed a meat berserker
    31 | D        | Noticed a bag of meat
    31 | D        | Killed a bag of meat
    31 | D        | Reached XP level 24. HP: 249/249 MP: 8/53
    31 | D        | Killed a meat berserker
    31 | D        | Reached skill level 27 in Stealth
    31 | D        | Reached skill level 27 in Unarmed Combat
    31 | D        | Reached skill level 27 in Invocations
    32 | D        | Killed a meat berserker
    32 | D        | Killed a destroyer
    32 | D        | Reached XP level 25. HP: 257/257 MP: 8/53
    33 | D        | Noticed a bag of meat
    33 | D        | Noticed a bag of meat
    33 | D        | Noticed a bag of meat
    33 | D        | Noticed a bag of meat
    33 | D        | Noticed a destroyer
    33 | D        | Noticed a sculptor of flesh
    33 | D        | Killed a meat berserker
    34 | D        | Noticed a bag of meat
    34 | D        | Noticed a bag of meat
    34 | D        | Noticed a bag of meat
    34 | D        | Noticed a destroyer
    35 | D        | Noticed a sculptor of flesh
    35 | D        | Noticed a bag of meat
    35 | D        | Killed a nine-headed meat hydra
    36 | D        | Noticed a bag of meat
    36 | D        | Noticed a bag of meat
    36 | D        | Killed a large bag of meat
    36 | D        | Killed a destroyer
    36 | D        | Reached XP level 26. HP: 266/266 MP: 9/53
    36 | D        | Killed a meat berserker
    37 | D        | Noticed a bag of meat
    37 | D        | Noticed a sculptor of flesh
    38 | D        | Noticed a bag of meat
    38 | D        | Killed a bag of meat
    38 | D        | Killed a bag of meat
    39 | D        | Noticed a meat berserker
    39 | D        | Noticed a meat berserker
    40 | D        | Noticed an eight-headed meat hydra
    40 | D        | Killed a bag of meat
    40 | D        | Killed a bag of meat
    40 | D        | Killed a sculptor of flesh
    40 | D        | Killed a meat berserker
    40 | D        | Reached XP level 27. HP: 273/273 MP: 10/53
    40 | D        | Killed a sculptor of flesh
    41 | D        | Noticed a destroyer
    41 | D        | Noticed a large bag of meat
    41 | D        | Killed a bag of meat
    41 | D        | Killed a bag of meat
    41 | D        | Killed a bag of meat
    41 | D        | Killed a bag of meat
    42 | D        | Noticed a sculptor of flesh
    42 | D        | Noticed a bag of meat
    42 | D        | Noticed a sculptor of flesh
    43 | D        | Noticed a bag of meat
    43 | D        | Noticed a sculptor of flesh
    43 | D        | Noticed a sculptor of flesh
    43 | D        | Killed a bag of meat
    43 | D        | Killed a meat berserker
    43 | D        | Killed a bag of meat
    43 | D        | Killed a bag of meat
    43 | D        | Killed a bag of meat
    44 | D        | Noticed a bag of meat
    44 | D        | Noticed a bag of meat
    44 | D        | Killed a bag of meat
    44 | D        | Killed a bag of meat
    44 | D        | Killed a bag of meat
    44 | D        | Killed a bag of meat
    45 | D        | Noticed a bag of meat
    46 | D        | Killed a destroyer
    46 | D        | Killed a bag of meat
    46 | D        | Killed The Servant
    46 | D        | Killed a sculptor of flesh
    47 | D        | Noticed a meat berserker
    47 | D        | Killed a bag of meat
    47 | D        | Killed a sculptor of flesh
    47 | D        | Killed a destroyer
    48 | D        | Killed a meat berserker
    48 | D        | Killed a bag of meat
    49 | D        | Killed a bag of meat
    49 | D        | Killed a sculptor of flesh
    50 | D        | Killed a sculptor of flesh
    50 | D        | Killed a large bag of meat
    51 | D        | Killed a sculptor of flesh
    52 | D        | Noticed a meat berserker
    52 | D        | Noticed a meat berserker
    52 | D        | Killed a bag of meat
    52 | D        | Killed a meat berserker
    53 | D        | Killed a bag of meat
    53 | D        | Killed a bag of meat
    55 | D        | Noticed a bag of meat
    55 | D        | Killed a nine-headed meat hydra
    57 | D        | Noticed a meat berserker
    57 | D        | Noticed a meat berserker
    57 | D        | Killed a bag of meat
    57 | D        | Killed a meat berserker
    58 | D        | Killed a meat berserker
    59 | D        | Noticed a meat berserker
    59 | D        | Noticed a meat beast
    59 | D        | Noticed a meat berserker
    60 | D        | Noticed a bag of meat
    61 | D        | Noticed a bag of meat
    61 | D        | Noticed a destroyer
    62 | D        | Noticed a bag of meat
    62 | D        | Noticed a meat berserker
    62 | D        | Killed a bag of meat
    62 | D        | Killed a meat berserker
    63 | D        | Noticed a bag of meat
    63 | D        | Killed a meat berserker
    64 | D        | Killed a meat beast
    64 | D        | Killed a meat berserker
    64 | D        | Killed a meat berserker
    65 | D        | Noticed a meat berserker
    65 | D        | Noticed a bag of meat
    65 | D        | Noticed a dread
    65 | D        | Noticed a meat berserker
    65 | D        | Killed a destroyer
    66 | D        | Noticed a meat beast
    66 | D        | Noticed a bag of meat
    67 | D        | Noticed a bag of meat
    67 | D        | Noticed a sculptor of flesh
    68 | D        | Noticed a meat berserker
    68 | D        | Killed a bag of meat
    69 | D        | Killed a bag of meat
    69 | D        | Killed a meat berserker
    69 | D        | Killed a bag of meat
    70 | D        | Killed a meat beast
    71 | D        | Killed a meat berserker
    71 | D        | Killed a meat berserker
    72 | D        | Killed a bag of meat
    73 | D        | Killed a bag of meat
    73 | D        | Killed a meat berserker
    74 | D        | Noticed a wretched soul
    74 | D        | Killed a dread
    75 | D        | Noticed a wretched soul
    75 | D        | Killed a bag of meat
    77 | D        | Killed a sculptor of flesh
    77 | D        | Killed a bag of meat
    79 | D        | Noticed a meat berserker
    79 | D        | Noticed a bag of meat
    79 | D        | Noticed a bag of meat
    79 | D        | Noticed a sculptor of flesh
    80 | D        | Noticed a bag of meat
    80 | D        | Killed a wretched soul
    81 | D        | Noticed a bag of meat
    82 | D        | Noticed a meat berserker
    84 | D        | Killed a meat berserker
    87 | D        | Noticed a wretched soul
    89 | D        | Noticed a bag of meat
    89 | D        | Killed a meat berserker
    94 | D        | Killed a bag of meat
    95 | D        | Killed a bag of meat
    96 | D        | Noticed a meat berserker
    96 | D        | Noticed a bag of meat
    96 | D        | Noticed a bag of meat
    96 | D        | Noticed an accursed
    96 | D        | Noticed an observer
    96 | D        | Noticed an observer
    97 | D        | Noticed a tyrant
    97 | D        | Killed a bag of meat
    97 | D        | Killed a sculptor of flesh
    98 | D        | Noticed a wretched soul
    98 | D        | Noticed a meat beast
    98 | D        | Killed a bag of meat
    98 | D        | Noticed a large bag of meat
    99 | D        | Noticed an observer
    99 | D        | Killed a bag of meat
   100 | D        | Noticed a bag of meat
   100 | D        | Killed a meat berserker
   100 | D        | Killed an observer
   100 | D        | Killed a bag of meat
   101 | D        | Noticed a destroyer
   102 | D        | Noticed a bag of meat
   104 | D        | Killed a wretched soul
   104 | D        | Killed a meat beast
   105 | D        | Killed a bag of meat
   106 | D        | Noticed a meat berserker
   106 | D        | Killed a tyrant
   107 | D        | Killed an accursed
   107 | D        | Noticed a meat beast
   108 | D        | Noticed an accursed
   110 | D        | Killed a meat berserker
   113 | D        | Killed a wretched soul
   113 | D        | Killed an observer
   114 | D        | Killed a wretched soul
   115 | D        | Noticed a meat berserker
   116 | D        | Noticed an observer
   116 | D        | Killed an observer
   117 | D        | Noticed a bag of meat
   117 | D        | Noticed a bag of meat
   117 | D        | Noticed a meat beast
   117 | D        | Noticed a tyrant
   118 | D        | Noticed a large bag of meat
   119 | D        | Killed an accursed
   120 | D        | Noticed a meat berserker
   120 | D        | Killed a meat berserker
   121 | D        | Noticed a bag of meat
   121 | D        | Killed a meat beast
   122 | D        | Killed a meat beast
   123 | D        | Killed an observer
   123 | D        | Killed a tyrant
   124 | D        | Noticed a bag of meat
   124 | D        | Noticed an observer
   124 | D        | Noticed an accursed
   124 | D        | Killed a large bag of meat
   125 | D        | Noticed The Captor
   126 | D        | Killed a destroyer
   127 | D        | Killed an accursed
   127 | D        | Killed a meat berserker
   128 | D        | Killed a bag of meat
   129 | D        | Killed a bag of meat
   130 | D        | Killed a large bag of meat
   130 | D        | Killed an observer
   131 | D        | Noticed a bag of meat
   131 | D        | Killed a bag of meat
   132 | D        | Noticed a fleshlord
   132 | D        | Noticed a fleshlord
   132 | D        | Killed a bag of meat
   132 | D        | Killed a fleshlord
   133 | D        | Noticed a meat berserker
   133 | D        | Noticed a dread
   134 | D        | Noticed a tyrant
   134 | D        | Killed a bag of meat
   135 | D        | Noticed a meat berserker
   135 | D        | Killed The Captor
   136 | D        | Noticed a fleshlord
   136 | D        | Noticed a fleshlord
   138 | D        | Killed a tyrant
   139 | D        | Noticed a meat beast
   139 | D        | Noticed a fleshlord
   139 | D        | Killed a meat berserker
   140 | D        | Noticed a bag of meat
   140 | D        | Noticed a fleshlord
   140 | D        | Noticed a fleshlord
   140 | D        | Noticed a meat beast
   140 | D        | Killed a bag of meat
   140 | D        | Killed a fleshlord
   140 | D        | Noticed a bag of meat
   140 | D        | Noticed a bag of meat
   141 | D        | Noticed a bag of meat
   141 | D        | Noticed a dread
   141 | D        | Killed a bag of meat
   142 | D        | Killed a meat berserker
   143 | D        | Noticed a dread
   143 | D        | Killed a meat beast
   143 | D        | Killed a fleshlord
   144 | D        | Killed a fleshlord
   145 | D        | Killed a fleshlord
   145 | D        | Killed a meat beast
   146 | D        | Killed a fleshlord
   147 | D        | Noticed a destroyer
   147 | D        | Killed a bag of meat
   147 | D        | Annihilated by a fleshlord

Vault maps used:
D:        meatsprint

Action                   |  1- 3 |  4- 6 |  7- 9 | 10-12 | 13-15 | 16-18 | 19-21 | 22-24 | 25-27 || total
-------------------------+-------+-------+-------+-------+-------+-------+-------+-------+-------++-------
Melee: Executioner's axe |     1 |       |       |     1 |     3 |     4 |     7 |     4 |    81 ||   101
 Cast: Apportation       |       |       |       |       |       |       |       |       |     1 ||     1
